[Event "Titled Tuesday Blitz August 08 Early 2023"]
[White "Liu, Casper"]
[Black "GAO"]
[WhiteFideId "1454153"]
[WhiteElo "2493"]
[BlackElo "2283"]
[Result "1-0"]
[Round "2"]
[TimeControl "180+1"]
[Date "2023.08.08"]
[WhiteClock "0:00:05"]
[BlackClock "0:00:15"]
[Board "218"]

1. e4 c6 2. Qf3 d5 3. d3 e5 4. Nc3 Nf6 5. exd5 cxd5 6. Bg5 Be6 7. Bxf6 Qxf6 8. Be2 Bb4 9. Qxf6 gxf6 10. Bf3 e4 11. dxe4 d4 12. a3 dxc3 13. axb4 cxb2 14. Rb1 Nc6 15. Rxb2 Ke7 16. Ne2 Ne5 17. Nd4 Rhd8 18. Nxe6 fxe6 19. Be2 Rac8 20. b5 Rd4 21. f3 Nc4 22. Ra2 Ne3 23. Kf2 Rxc2 24. Rxa7 Rdd2 25. Rxb7+ Kd6 26. Kxe3 Rxe2+ 27. Kf4 Rxg2 28. Rd1+ Kc5 29. Rdd7 Rcf2 30. Rxh7 e5+ 31. Kf5 Rxf3+ 32. Ke6 Rd2 33. Rhc7+ Kd4 34. b6 Kxe4 35. Rc4+ Ke3 36. Rbc7 Rb2 37. b7 Kf2 38. Rc2+ Rxc2 39. Rxc2+ Ke3 40. b8=Q e4 41. Qb3+ Kf4 42. Qb8+ Kg4 43. Qg8+ Kf4 44. Re2 e3 45. Qg2 f5 46. Kf6 Ke4 47. Ke6 f4 48. Qg6+ Kd4 49. Re1 Rf2 50. Rd1+ Rd2 51. Rxd2+ exd2 52. Qc2 Ke3 53. Qd1 f3 54. Kf5 Kf2 55. Kf4 Kg2 56. Qxf3+ Kg1 57. Qd1+ Kg2 58. Qxd2+ Kh1 59. Kg3 Kg1 60. Qc1# 1-0


[Site "https://www.chess.com"]

[Event "Titled Tuesday Blitz August 08 Early 2023"]
[White "Konenkin, Dmitry"]
[Black "Rottenwohrer Suarez, Juan"]
[WhiteFideId "4185781"]
[BlackFideId "32068182"]
[WhiteElo "2281"]
[BlackElo "2492"]
[Result "1-0"]
[Round "2"]
[TimeControl "180+1"]
[Date "2023.08.08"]
[WhiteClock "0:00:25"]
[BlackClock "0:00:00"]
[Board "219"]

1. d4 d5 2. Bg5 h6 3. Bh4 c5 4. dxc5 Na6 5. e4 dxe4 6. Qxd8+ Kxd8 7. Bxa6 bxa6 8. Nc3 f5 9. O-O-O+ Ke8 10. Nd5 Kf7 11. Bg3 Bb7 12. Ne2 e6 13. Nc7 Rc8 14. Nd4 Bxc5 15. Ndxe6 Be7 16. Nd4 Bg5+ 17. Kb1 f4 18. Nce6 fxg3 19. hxg3 Nf6 20. Rhe1 Rhe8 21. Nxg5+ hxg5 22. Nf5 Kg6 23. Nd6 Red8 24. Nxb7 1-0


[Site "https://www.chess.com"]

[Event "Titled Tuesday Blitz August 08 Early 2023"]
[White "Perrine, Dalton"]
[Black "Jahnz, Fabian"]
[WhiteFideId "2048434"]
[BlackFideId "4653300"]
[WhiteElo "2492"]
[BlackElo "2278"]
[Result "1-0"]
[Round "2"]
[TimeControl "180+1"]
[Date "2023.08.08"]
[WhiteClock "0:00:36"]
[BlackClock "0:00:52"]
[Board "220"]

1. Nf3 d5 2. g3 c5 3. Bg2 Nc6 4. d4 Nf6 5. O-O Bf5 6. c4 e6 7. cxd5 exd5 8. Nc3 Be7 9. dxc5 Bxc5 10. Na4 Be7 11. Be3 O-O 12. Rc1 Rc8 13. Bc5 Bxc5 14. Nxc5 b6 15. Nb3 Re8 16. Qd2 Ne4 17. Qf4 Bg6 18. Rfd1 Qf6 19. Bh3 Qxf4 20. gxf4 f5 21. Nbd4 Nxd4 22. Nxd4 Nd6 23. e3 Bh5 24. Re1 g6 25. Bg2 Nc4 26. Bxd5+ 1-0


[Site "https://www.chess.com"]

[Event "Titled Tuesday Blitz August 08 Early 2023"]
[White "Nguyen Hong Nhung"]
[Black "Sariego Figueredo, Wilfredo"]
[WhiteFideId "12412201"]
[BlackFideId "3500080"]
[WhiteElo "2489"]
[BlackElo "2268"]
[Result "1-0"]
[Round "2"]
[TimeControl "180+1"]
[Date "2023.08.08"]
[WhiteClock "0:00:17"]
[BlackClock "0:00:00"]
[Board "221"]

1. e4 c5 2. Nc3 a6 3. Nf3 Nc6 4. d4 cxd4 5. Nxd4 e6 6. Be3 Bb4 7. Nxc6 bxc6 8. Qd4 Bxc3+ 9. Qxc3 Nf6 10. Bd3 O-O 11. O-O a5 12. Bg5 Nxe4 13. Bxd8 Nxc3 14. Be7 Re8 15. Bd6 Nb5 16. Bg3 Ba6 17. Rad1 d5 18. c4 Nd4 19. Be5 Nf5 20. b3 f6 21. Bb2 Nd6 22. Rc1 e5 23. Ba3 Nb7 24. Bf5 Rad8 25. cxd5 cxd5 26. Rfd1 Nd6 27. Bh3 Ne4 28. Rc6 Be2 29. Re1 Bb5 30. Rb6 1-0


[Site "https://www.chess.com"]

[Event "Titled Tuesday Blitz August 08 Early 2023"]
[White "Ljukin, Sergei"]
[Black "Garrido, Denis"]
[WhiteFideId "14102200"]
[BlackFideId "601217"]
[WhiteElo "2489"]
[BlackElo "2265"]
[Result "1-0"]
[Round "2"]
[TimeControl "180+1"]
[Date "2023.08.08"]
[WhiteClock "0:01:45"]
[BlackClock "0:01:26"]
[Board "222"]

1. e4 e5 2. Nf3 Nc6 3. Bb5 a6 4. Ba4 Nf6 5. Qe2 b5 6. Bb3 Bc5 7. c3 O-O 8. d3 d6 9. Bg5 h6 10. Bh4 Bb6 11. Nbd2 Re8 12. Nf1 Be6 13. Bd5 Bxd5 14. exd5 Nb8 15. Ng3 Nbd7 16. Ne4 b4 17. c4 Bd4 18. O-O-O a5 19. g4 a4 20. g5 Nxe4 21. dxe4 hxg5 22. Bxg5 Qb8 23. Rhg1 Nc5 24. Bf6 g6 25. Nxd4 Kh7 1-0


[Site "https://www.chess.com"]

[Event "Titled Tuesday Blitz August 08 Early 2023"]
[White "Miguelitro69"]
[Black "Papayan, Oleg"]
[BlackFideId "4193911"]
[WhiteElo "2262"]
[BlackElo "2487"]
[Result "0-1"]
[Round "2"]
[TimeControl "180+1"]
[Date "2023.08.08"]
[WhiteClock "0:00:04"]
[BlackClock "0:00:25"]
[Board "223"]

1. e4 c5 2. Nf3 e6 3. d4 cxd4 4. Nxd4 a6 5. Be2 b5 6. O-O Bb7 7. Bf3 Qc7 8. Re1 Nc6 9. g3 Nxd4 10. Qxd4 Nf6 11. Nc3 Bc5 12. Qd3 d6 13. Bg2 O-O 14. Bg5 Ng4 15. Nd1 Rac8 16. c3 Qb6 17. Qe2 f5 18. h3 Nxf2 19. Nxf2 fxe4 20. Be3 d5 21. Bxc5 Qxc5 22. Qe3 Qd6 23. Kh2 b4 24. Rad1 Qe7 25. Re2 bxc3 26. bxc3 Qa3 27. Rc2 Bc6 28. Rdd2 Ba4 29. Nxe4 Bxc2 30. Rxc2 dxe4 31. Bxe4 Qc5 32. Qd3 Rf2+ 33. Rxf2 Qxf2+ 34. Bg2 Qxa2 35. h4 Qc4 36. Qd7 a5 37. Bh3 Qe2+ 38. Kh1 Rb8 39. Bxe6+ Kh8 40. Bf5 Qf1+ 41. Kh2 Rb2+ 42. Bc2 Rxc2+ 43. Qd2 Rxd2# 0-1


[Site "https://www.chess.com"]

[Event "Titled Tuesday Blitz August 08 Early 2023"]
[White "Ruge, Edison"]
[Black "Mindhunter08"]
[WhiteFideId "4401000"]
[WhiteElo "2259"]
[BlackElo "2486"]
[Result "1-0"]
[Round "2"]
[TimeControl "180+1"]
[Date "2023.08.08"]
[WhiteClock "0:01:08"]
[BlackClock "0:00:06"]
[Board "224"]

1. e4 e5 2. Nf3 Nc6 3. Bb5 a6 4. Ba4 Nf6 5. Qe2 b5 6. Bb3 Bc5 7. a4 Bb7 8. axb5 axb5 9. Rxa8 Qxa8 10. d3 Qa1 11. O-O Qxb1 12. Be3 Qxb2 13. Bxc5 d6 14. Be3 O-O 15. Ng5 Nd4 16. Bxd4 Qxd4 17. Kh1 h6 18. Nf3 Qc3 19. Nh4 Ra8 20. f4 Ra1 21. fxe5 dxe5 22. h3 Bc8 23. Kh2 Rxf1 24. Qxf1 Qd2 25. Ng6 Kh7 26. Nxe5 Be6 27. Nxf7 Bxf7 28. Bxf7 Qg5 29. Qf5+ Qxf5 30. exf5 c5 31. g4 b4 32. Kg3 Nd7 33. Kf4 Nb6 34. Ke5 Na4 35. Bb3 Nc3 36. Kd6 Ne2 37. Kxc5 Nf4 38. Kxb4 Nxh3 39. Be6 Nf2 40. d4 Nxg4 41. d5 h5 42. d6 Nf6 43. d7 Nxd7 44. Bxd7 h4 45. Bc6 Kh6 46. Be4 Kg5 47. c4 Kf4 48. Bh1 Kxf5 49. c5 Ke6 50. Kb5 Kd7 51. Kb6 g5 52. Kb7 g4 53. c6+ Kd6 54. c7 h3 55. c8=Q 1-0


[Site "https://www.chess.com"]

[Event "Titled Tuesday Blitz August 08 Early 2023"]
[White "Novik, Maxim"]
[Black "Kohler, Aran"]
[WhiteFideId "4102924"]
[BlackFideId "1002856"]
[WhiteElo "2486"]
[BlackElo "2256"]
[Result "1-0"]
[Round "2"]
[TimeControl "180+1"]
[Date "2023.08.08"]
[WhiteClock "0:00:59"]
[BlackClock "0:00:23"]
[Board "225"]

1. d4 d5 2. c4 c6 3. Nc3 Nf6 4. e3 e6 5. Nf3 Nbd7 6. Qc2 Bd6 7. Bd2 O-O 8. O-O-O e5 9. cxd5 cxd5 10. Nb5 Qe7 11. Nxd6 Qxd6 12. dxe5 Nxe5 13. Nxe5 Qxe5 14. Bc3 Qe6 15. Bd3 Ne4 16. Bxe4 dxe4 17. Kb1 Bd7 18. Rd4 Bc6 19. Rhd1 Qg6 20. g3 Rfe8 21. h4 Bb5 22. Ka1 Bd3 23. Qb3 b5 24. Qd5 a5 25. h5 Qg4 26. R1xd3 b4 27. Be1 Rac8 28. Rd1 Qe2 29. Qxa5 b3 30. Bc3 Qc2 31. R4d2 Ra8 32. Qxa8 Qxd1+ 33. Rxd1 Rxa8 34. a3 f6 35. Kb1 1-0


[Site "https://www.chess.com"]

[Event "Titled Tuesday Blitz August 08 Early 2023"]
[White "Jovic, Stanoje"]
[Black "Player, Edmund C"]
[WhiteFideId "905020"]
[BlackFideId "406520"]
[WhiteElo "2485"]
[BlackElo "2256"]
[Result "1/2-1/2"]
[Round "2"]
[TimeControl "180+1"]
[Date "2023.08.08"]
[WhiteClock "0:00:29"]
[BlackClock "0:00:06"]
[Board "226"]

1. c4 c5 2. g3 Nc6 3. Bg2 g6 4. Nc3 Bg7 5. Nf3 d6 6. O-O e5 7. Ne1 Nge7 8. Nc2 O-O 9. Ne3 Be6 10. Ned5 Qd7 11. Qa4 Nc8 12. d3 h6 13. a3 Rb8 14. Bxh6 Nd4 15. Qxd7 Bxd7 16. Bxg7 Kxg7 17. e3 Nb3 18. Rad1 a6 19. a4 b5 20. axb5 axb5 21. f4 exf4 22. gxf4 Bg4 23. Bf3 Bh3 24. Rf2 b4 25. Ne4 f6 26. Ng3 Nb6 27. Nxb6 Rxb6 28. d4 Re8 29. Rd3 Nc1 30. Rd1 Nb3 31. Re2 Ra6 32. Kf2 Ra2 33. Ne4 cxd4 34. exd4 f5 35. Ng5 Rxe2+ 36. Bxe2 Bg4 37. Bxg4 fxg4 38. c5 Rxb2+ 39. Kg3 dxc5 40. d5 Rd2 41. Rxd2 Nxd2 42. Ne6+ Kf6 43. Nxc5 b3 44. Nd3 Nc4 45. Kxg4 b2 46. Nxb2 Nxb2 47. d6 Nc4 48. d7 Ke7 49. Kg5 Kxd7 50. Kxg6 Ke7 51. h4 Kf8 52. h5 Nd6 53. h6 Kg8 54. Kf6 Kh7 55. Ke6 Ne4 56. Ke5 Ng3 57. f5 Nxf5 58. Kxf5 Kxh6 1/2-1/2


[Site "https://www.chess.com"]

[Event "Titled Tuesday Blitz August 08 Early 2023"]
[White "Mikhaylova, Irina"]
[Black "Yashmetov, Mikhail"]
[WhiteFideId "4109040"]
[BlackFideId "24198900"]
[WhiteElo "2255"]
[BlackElo "2483"]
[Result "1/2-1/2"]
[Round "2"]
[TimeControl "180+1"]
[Date "2023.08.08"]
[WhiteClock "0:00:19"]
[BlackClock "0:00:03"]
[Board "227"]

1. Nf3 Nf6 2. c4 g6 3. Nc3 Bg7 4. e3 O-O 5. e4 d6 6. d4 e5 7. dxe5 dxe5 8. Qxd8 Rxd8 9. Bg5 Re8 10. Nd5 Nxd5 11. cxd5 c6 12. Bc4 cxd5 13. Bxd5 Nd7 14. Nd2 Nc5 15. O-O-O Be6 16. Bxe6 Nxe6 17. Be3 Nf4 18. Bxf4 exf4 19. f3 Rac8+ 20. Kb1 f5 21. Rc1 Rcd8 22. Rc2 Rd6 23. Re1 Red8 24. Re2 Bd4 25. Nc4 R6d7 26. exf5 gxf5 27. Rcd2 b5 28. Ne5 Bxe5 29. Rxd7 Rxd7 30. Rxe5 Rd2 31. Rxb5 Rxg2 32. Rxf5 Rxh2 33. Rxf4 h5 34. a4 Kg7 35. Ka2 Kg6 36. Ka3 Kg5 37. Rf8 h4 38. Ra8 Rf2 39. Rxa7 Rxf3+ 40. b3 Rf6 41. Rh7 Rh6 42. Rg7+ Rg6 43. Rh7 Rh6 44. Rg7+ Rg6 45. Rc7 h3 46. Rc1 Kg4 47. a5 h2 48. Rh1 Kh3 49. b4 Rg1 50. Rxh2+ Kxh2 51. b5 Rb1 52. Ka4 Ra1+ 53. Kb4 Kg3 54. a6 Kf4 55. Kc5 Ke5 56. Kb6 Kd6 57. a7 Kd7 58. Kb7 Kd6 59. b6 Kc5 60. Kc7 Ra2 61. Kb7 Ra1 62. Kc7 Ra2 63. Kb7 Ra1 1/2-1/2


[Site "https://www.chess.com"]

[Event "Titled Tuesday Blitz August 08 Early 2023"]
[White "Tokman, Ariel"]
[Black "Schut, Han"]
[WhiteFideId "117420"]
[BlackFideId "1005561"]
[WhiteElo "2482"]
[BlackElo "2252"]
[Result "1-0"]
[Round "2"]
[TimeControl "180+1"]
[Date "2023.08.08"]
[WhiteClock "0:00:09"]
[BlackClock "0:00:02"]
[Board "228"]

1. d4 Nf6 2. Nf3 g6 3. Bf4 Bg7 4. e3 O-O 5. h3 b6 6. a4 Bb7 7. a5 d6 8. a6 Bxf3 9. Qxf3 Nbd7 10. c3 e5 11. Bg3 c5 12. dxe5 Nxe5 13. Bxe5 dxe5 14. Nd2 Qe7 15. Bc4 Rfd8 16. Ne4 Nxe4 17. Qxe4 Kh8 18. O-O f5 19. Qb7 Qg5 20. Rfd1 Rdb8 21. Rd7 Qf6 22. Qd5 h5 23. Bb5 Rd8 24. Rd1 Rxd7 25. Qxd7 f4 26. Rd6 Qf5 27. Qxf5 gxf5 28. exf4 e4 29. Bc6 Rc8 30. Bb7 Rc7 31. Rd5 b5 32. Rxf5 b4 33. cxb4 cxb4 34. Rxh5+ Kg8 35. b3 Bd4 36. g3 e3 37. fxe3 Bxe3+ 38. Kg2 Rc2+ 39. Kf3 Bd2 40. Bd5+ Kg7 41. Bc4 Rc3+ 42. Kg4 Be1 43. Rg5+ Kf6 44. Kh4 Re3 45. Rg4 Re7 46. Rg5 Rh7+ 47. Kg4 Re7 48. h4 Re3 49. Rf5+ Ke7 50. Re5+ Rxe5 51. fxe5 Bc3 52. Kf5 Be1 53. Kf4 Bd2+ 54. Kf3 Bc3 55. e6 Be5 56. g4 Bf6 57. g5 Bg7 58. Kg4 Kd6 59. Kf5 Be5 60. h5 Bh8 61. h6 Ke7 62. g6 Kf8 63. g7+ Bxg7 64. hxg7+ Kxg7 65. e7 1-0


[Site "https://www.chess.com"]

[Event "Titled Tuesday Blitz August 08 Early 2023"]
[White "Sankalan Shah"]
[Black "Cervantes Landeiro, Thalia"]
[WhiteFideId "25600362"]
[BlackFideId "3520498"]
[WhiteElo "2244"]
[BlackElo "2477"]
[Result "0-1"]
[Round "2"]
[TimeControl "180+1"]
[Date "2023.08.08"]
[WhiteClock "0:00:27"]
[BlackClock "0:01:49"]
[Board "229"]

1. d4 Nf6 2. c4 g6 3. Nc3 d5 4. Nf3 Bg7 5. Qb3 dxc4 6. Qxc4 O-O 7. e4 Na6 8. Be2 c5 9. d5 e6 10. Be3 exd5 11. exd5 Bf5 12. O-O Re8 13. Rfe1 Ne4 14. Bd3 Nd6 15. Bg5 Rxe1+ 16. Rxe1 Nxc4 17. Bxd8 Bxd3 18. Re8+ Bf8 19. Nb5 Nxb2 20. Ne5 Bxb5 0-1


[Site "https://www.chess.com"]

[Event "Titled Tuesday Blitz August 08 Early 2023"]
[White "Shohat, Yotam"]
[Black "Kula, Robert"]
[WhiteFideId "2813955"]
[BlackFideId "1101218"]
[WhiteElo "2477"]
[BlackElo "2243"]
[Result "1-0"]
[Round "2"]
[TimeControl "180+1"]
[Date "2023.08.08"]
[WhiteClock "0:01:20"]
[BlackClock "0:00:31"]
[Board "230"]

1. e4 e5 2. Nf3 Nc6 3. Bb5 Nd4 4. Nxd4 exd4 5. O-O Bc5 6. d3 c6 7. Ba4 Ne7 8. Nd2 O-O 9. f4 f5 10. Kh1 d5 11. e5 a5 12. c3 b5 13. Bc2 a4 14. cxd4 Bxd4 15. Nf3 Bb6 16. d4 Be6 17. Bd2 Ng6 18. Ng5 Qe8 19. Bb4 h6 20. Nxe6 Qxe6 21. Bxf8 Nxf8 22. Qd3 g6 23. g4 fxg4 24. f5 gxf5 25. Rxf5 Qe7 26. Rg1 Ne6 27. Rxg4+ Kh8 28. Rf6 Bxd4 29. Rxh6+ Qh7 30. Rxh7# 1-0


[Site "https://www.chess.com"]

[Event "Titled Tuesday Blitz August 08 Early 2023"]
[White "Sarkar, Justin"]
[Black "Vivas Zamora, Fabian Ernesto"]
[WhiteFideId "2010011"]
[BlackFideId "3902480"]
[WhiteElo "2237"]
[BlackElo "2477"]
[Result "0-1"]
[Round "2"]
[TimeControl "180+1"]
[Date "2023.08.08"]
[WhiteClock "0:00:00"]
[BlackClock "0:00:43"]
[Board "231"]

1. d4 d5 2. c4 c6 3. Nf3 Nf6 4. Nc3 e6 5. Bg5 Nbd7 6. e3 Qa5 7. Nd2 dxc4 8. Bxf6 Nxf6 9. Nxc4 Qc7 10. Be2 Be7 11. O-O O-O 12. Rc1 Rd8 13. Qc2 b6 14. a3 Bb7 15. b4 Rac8 16. Rfd1 Qb8 17. Bf3 Nd5 18. g3 c5 19. dxc5 Nxb4 20. axb4 Bxf3 21. Rxd8+ Rxd8 22. Nd2 Ba8 23. cxb6 Qxb6 24. b5 Bb4 25. e4 Qd4 0-1


[Site "https://www.chess.com"]

[Event "Titled Tuesday Blitz August 08 Early 2023"]
[White "kuanysh1981"]
[Black "Mesfin, Leykun"]
[BlackFideId "15700097"]
[WhiteElo "2476"]
[BlackElo "2236"]
[Result "1-0"]
[Round "2"]
[TimeControl "180+1"]
[Date "2023.08.08"]
[WhiteClock "0:02:14"]
[BlackClock "0:01:12"]
[Board "232"]

1. d4 Nf6 2. Nf3 g6 3. c4 Bg7 4. Nc3 d6 5. e4 O-O 6. h3 Nc6 7. Be3 e5 8. d5 Ne7 9. Be2 Ne8 10. Nd2 f5 11. f3 f4 12. Bf2 g5 13. Qc2 Ng6 14. O-O-O a6 15. Kb1 Bf6 16. c5 Bd7 17. Nb3 Kh8 18. Rc1 Ng7 19. Na5 Rb8 20. Nxb7 Rxb7 21. c6 Rb8 22. cxd7 Qxd7 23. Qa4 Qxa4 24. Nxa4 Rb4 25. b3 Rfb8 26. Ka1 c5 27. dxc6 d5 28. c7 Rc8 29. Nb6 Rxb6 30. Bxb6 dxe4 31. fxe4 Ne6 32. Bg4 Ngf8 33. Rhd1 Kg7 34. Rc6 Kf7 35. Rdd6 Nd4 36. Rxf6+ Kg7 37. Bxd4 exd4 38. Bxc8 1-0


[Site "https://www.chess.com"]

[Event "Titled Tuesday Blitz August 08 Early 2023"]
[White "Joshi, Pankaj"]
[Black "Sanhueza, Cristian"]
[WhiteFideId "5006210"]
[BlackFideId "116815"]
[WhiteElo "2235"]
[BlackElo "2475"]
[Result "0-1"]
[Round "2"]
[TimeControl "180+1"]
[Date "2023.08.08"]
[WhiteClock "0:00:01"]
[BlackClock "0:01:09"]
[Board "233"]

1. d4 Nf6 2. Nc3 g6 3. e4 d6 4. Be3 Bg7 5. Qd2 O-O 6. f3 c6 7. O-O-O b5 8. h4 b4 9. Nce2 Qa5 10. Kb1 Be6 11. Nc1 h5 12. Nh3 Bxh3 13. Rxh3 Nbd7 14. Nb3 Qc7 15. Be2 a5 16. g4 a4 17. Nc1 b3 18. cxb3 axb3 19. Nxb3 Rfb8 20. gxh5 Nxh5 21. f4 Ndf6 22. Bxh5 Nxh5 23. f5 c5 24. dxc5 Qa7 25. Bd4 Qxa2+ 26. Kc2 Bxd4 27. Qxd4 dxc5 28. Qd7 c4 29. fxg6 cxb3+ 30. Kd2 Rd8 31. gxf7+ Kf8 32. Rf1 Rxd7+ 33. Ke3 Qxb2 34. Rh2 Qxh2 35. Rg1 Qxg1+ 36. Kf3 Qg3+ 37. Ke2 Nf4+ 38. Kf1 Ra1# 0-1


[Site "https://www.chess.com"]

[Event "Titled Tuesday Blitz August 08 Early 2023"]
[White "Vaglio Munoz, Jaime"]
[Black "AdvanceGuard4"]
[WhiteFideId "6500145"]
[WhiteElo "2225"]
[BlackElo "2474"]
[Result "1-0"]
[Round "2"]
[TimeControl "180+1"]
[Date "2023.08.08"]
[WhiteClock "0:00:13"]
[BlackClock "0:00:00"]
[Board "236"]

1. Nf3 Nf6 2. c4 g6 3. b3 Bg7 4. Bb2 c5 5. g3 O-O 6. Bg2 Nc6 7. O-O Re8 8. d4 Ne4 9. e3 d5 10. cxd5 Nb4 11. Nbd2 Nxd2 12. Qxd2 Qxd5 13. Rac1 Na6 14. Rfe1 Qd6 15. Ba3 Rb8 16. dxc5 Qxd2 17. Nxd2 Nc7 18. Nc4 Be6 19. Bb4 Na6 20. Ba3 Nc7 21. c6 bxc6 22. Bxc6 Rec8 23. Bxe7 Nd5 24. Bxd5 Bxd5 25. Nd6 Rxc1 26. Rxc1 Be6 27. e4 Bd4 28. Rd1 Bc5 29. Kg2 a5 30. f4 a4 31. Rc1 axb3 32. axb3 Be3 33. Rc3 Rxb3 34. Rxb3 Bxb3 35. Kf3 Bc5 36. Nc8 Bd1+ 37. Kg2 Be3 38. Bd6 Bd4 39. Ne7+ Kg7 40. Nc6 Bb6 41. Be5+ f6 42. Bc3 h5 43. e5 fxe5 44. Nxe5 Kh7 45. h3 Bb3 46. g4 Bd5+ 47. Kg3 hxg4 48. Nxg4 Bc7 49. Nf6+ Kh6 50. Nxd5 g5 51. Be5 gxf4+ 52. Bxf4+ 1-0


[Site "https://www.chess.com"]

[Event "Titled Tuesday Blitz August 08 Early 2023"]
[White "favesaul"]
[Black "Khan, Taffin"]
[BlackFideId "19700024"]
[WhiteElo "2473"]
[BlackElo "2224"]
[Result "1-0"]
[Round "2"]
[TimeControl "180+1"]
[Date "2023.08.08"]
[WhiteClock "0:00:14"]
[BlackClock "0:00:23"]
[Board "237"]

1. e4 c5 2. Nf3 d6 3. d4 cxd4 4. Nxd4 Nf6 5. Nc3 a6 6. Bc4 e6 7. Be3 Be7 8. Qe2 O-O 9. Bb3 Qc7 10. O-O-O Nc6 11. Rhg1 b5 12. g4 Na5 13. g5 Nxb3+ 14. axb3 Nd7 15. h4 Bb7 16. f3 b4 17. Na4 d5 18. exd5 Bxd5 19. Kb1 Nc5 20. Nf5 Nxa4 21. Nxe7+ Qxe7 22. bxa4 Qb7 23. Bd4 Qc7 24. b3 Rfc8 25. h5 Bxf3 26. Qxf3 Qxc2+ 27. Ka1 Rab8 28. h6 Rc3 29. Bxc3 bxc3 30. Qg2 Qxb3 31. Rb1 Qxa4+ 32. Qa2 Qd4 33. Rxb8+ 1-0


[Site "https://www.chess.com"]

[Event "Titled Tuesday Blitz August 08 Early 2023"]
[White "Omariev, Maksim"]
[Black "campochess"]
[WhiteFideId "4193423"]
[WhiteElo "2469"]
[BlackElo "2220"]
[Result "1-0"]
[Round "2"]
[TimeControl "180+1"]
[Date "2023.08.08"]
[WhiteClock "0:00:09"]
[BlackClock "0:00:00"]
[Board "238"]

1. g4 Nc6 2. Bg2 b6 3. b4 Bb7 4. Bb2 f6 5. d4 d5 6. a3 e6 7. Nd2 Nh6 8. h3 Nf7 9. c4 Ne7 10. Rc1 Rc8 11. c5 c6 12. f4 Ng6 13. e3 f5 14. Ngf3 Be7 15. Qc2 O-O 16. g5 Ba6 17. h4 Ngh8 18. h5 Nxg5 19. fxg5 Bxg5 20. Nxg5 Qxg5 21. Kf2 f4 22. exf4 Rxf4+ 23. Nf3 Nf7 24. Rcg1 Kh8 25. Bc1 Qf6 26. Bxf4 Qxf4 27. Qd2 Qf6 28. Bh3 bxc5 29. bxc5 Rf8 30. Rg3 Nh6 31. Rhg1 Rf7 32. Qe3 Qh4 33. Kg2 Qxh5 34. Qxe6 Be2 35. Qe8+ Ng8 36. Qxe2 Nf6 37. Rh1 Ne4 38. Be6 Nxg3 39. Bxf7 Nxe2 40. Rxh5 Nf4+ 41. Kg3 1-0


[Site "https://www.chess.com"]

[Event "Titled Tuesday Blitz August 08 Early 2023"]
[White "Thiel, Thomas"]
[Black "Kuznetsov, Mikhail"]
[WhiteFideId "4615964"]
[BlackFideId "4117190"]
[WhiteElo "2216"]
[BlackElo "2465"]
[Result "0-1"]
[Round "2"]
[TimeControl "180+1"]
[Date "2023.08.08"]
[WhiteClock "0:02:29"]
[BlackClock "0:02:44"]
[Board "239"]

1. e4 c6 2. d4 d5 3. exd5 cxd5 4. c4 Nf6 5. Nc3 g6 6. Qb3 Bg7 7. cxd5 O-O 8. Be2 Na6 9. Bf3 b5 10. d6 Rb8 11. dxe7 Qxe7+ 12. Nge2 b4 13. Nd1 Be6 14. Qa3 bxa3 0-1


[Site "https://www.chess.com"]

[Event "Titled Tuesday Blitz August 08 Early 2023"]
[White "Shuvalov, Evgenij"]
[Black "Petersson, Kjell"]
[WhiteFideId "4187237"]
[BlackFideId "1705148"]
[WhiteElo "2464"]
[BlackElo "2202"]
[Result "1-0"]
[Round "2"]
[TimeControl "180+1"]
[Date "2023.08.08"]
[WhiteClock "0:01:32"]
[BlackClock "0:00:36"]
[Board "240"]

1. d4 f5 2. g3 Nf6 3. Nd2 e6 4. Bg2 d5 5. Nh3 Bd6 6. O-O O-O 7. c4 c6 8. Nf4 Bxf4 9. gxf4 Ne4 10. Nf3 Nd7 11. Qc2 Ndf6 12. Ne5 Qe8 13. b3 Qh5 14. Ba3 Rd8 15. Be7 Bd7 16. f3 Re8 17. Ba3 g5 18. fxe4 fxe4 19. fxg5 Ng4 20. Nxg4 Qxg4 21. Qd2 e5 22. dxe5 Rxe5 23. Qf4 Rxg5 24. Qf7+ Kh8 25. Bb2+ 1-0


[Site "https://www.chess.com"]

[Event "Titled Tuesday Blitz August 08 Early 2023"]
[White "Rozhkov, Viacheslav"]
[Black "Sabar Ethmane Daouda"]
[WhiteFideId "4181484"]
[BlackFideId "19600097"]
[WhiteElo "2462"]
[BlackElo "2199"]
[Result "1-0"]
[Round "2"]
[TimeControl "180+1"]
[Date "2023.08.08"]
[WhiteClock "0:02:25"]
[BlackClock "0:01:18"]
[Board "242"]

1. e4 e5 2. Nf3 Nc6 3. d4 exd4 4. Bc4 Nf6 5. e5 d5 6. Bb5 Ne4 7. Nxd4 Bc5 8. Be3 O-O 9. Nxc6 bxc6 10. Bxc5 Nxc5 11. Bxc6 Rb8 12. Qxd5 Qe7 13. O-O Rd8 14. Qf3 Rxb2 15. Nc3 Rxc2 16. Nd5 Qxe5 17. Rae1 Qf5 18. Ne7+ 1-0


[Site "https://www.chess.com"]

[Event "Titled Tuesday Blitz August 08 Early 2023"]
[White "Rodchenkov, Sergey D."]
[Black "LionKing2367890"]
[WhiteFideId "4168712"]
[WhiteElo "2462"]
[BlackElo "2192"]
[Result "1-0"]
[Round "2"]
[TimeControl "180+1"]
[Date "2023.08.08"]
[WhiteClock "0:01:35"]
[BlackClock "0:00:19"]
[Board "243"]

1. e4 e5 2. Nf3 Nc6 3. Bc4 Bc5 4. d3 Nf6 5. O-O O-O 6. Nbd2 d6 7. c3 a6 8. Bb3 Ba7 9. h3 Be6 10. Bc2 d5 11. Ng5 Bc8 12. exd5 Nxd5 13. Ngf3 Nf4 14. Ne4 Bf5 15. Bxf4 exf4 16. d4 Re8 17. Neg5 Qd7 18. Bb3 Re7 19. Nh4 h6 20. Nxf7 Rxf7 21. Qh5 Be6 22. d5 Bg4 23. hxg4 Na5 24. Bc2 Bc5 25. Qg6 Bd6 26. Qh7+ Kf8 27. Ng6+ Ke8 28. Rae1+ Kd8 29. Qg8+ Bf8 30. Nxf8 Qxg4 1-0


[Site "https://www.chess.com"]

[Event "Titled Tuesday Blitz August 08 Early 2023"]
[White "Wong, Zhenyong Jayden"]
[Black "arenal72"]
[WhiteFideId "5821975"]
[WhiteElo "2186"]
[BlackElo "2462"]
[Result "0-1"]
[Round "2"]
[TimeControl "180+1"]
[Date "2023.08.08"]
[WhiteClock "0:01:38"]
[BlackClock "0:02:27"]
[Board "244"]

1. b3 a5 2. Bb2 a4 3. g3 e6 4. Bg2 a3 5. Bc3 Nf6 6. d3 d5 7. Nd2 d4 8. Bxd4 Qxd4 9. Ngf3 Qd8 10. O-O Be7 11. c4 O-O 12. Qc2 c5 13. Rfd1 Nc6 14. Rac1 Qc7 15. e3 b6 16. d4 Bb7 17. dxc5 bxc5 18. Ng5 h6 19. Nge4 Nb4 20. Qb1 Rfd8 21. Nxf6+ Bxf6 22. Ne4 Bb2 23. Rxd8+ Rxd8 24. Rf1 f5 25. Nxc5 Bxg2 26. Nxe6 Qe7 27. Nxd8 Bxf1 0-1


[Site "https://www.chess.com"]

[Event "Titled Tuesday Blitz August 08 Early 2023"]
[White "Baches Garcia, Guillermo"]
[Black "Samarth J Rao"]
[WhiteFideId "2209764"]
[BlackFideId "46652370"]
[WhiteElo "2462"]
[BlackElo "2184"]
[Result "1-0"]
[Round "2"]
[TimeControl "180+1"]
[Date "2023.08.08"]
[WhiteClock "0:01:20"]
[BlackClock "0:00:18"]
[Board "245"]

1. e4 c5 2. Nf3 e6 3. d4 cxd4 4. Nxd4 a6 5. h3 Qc7 6. Bd3 Nc6 7. Nxc6 bxc6 8. O-O d5 9. c4 Nf6 10. Nd2 Bd6 11. Qe2 O-O 12. b3 Be5 13. Rb1 Rd8 14. Bb2 Bxb2 15. Rxb2 dxe4 16. Nxe4 Qe5 17. Nxf6+ Qxf6 18. Rd1 Bb7 19. Rbd2 c5 20. Qh5 g6 21. Qxc5 Rd7 22. Qe3 Rad8 23. Bf1 Bc6 24. Rxd7 Rxd7 25. Rxd7 Bxd7 26. Qa7 Bc8 27. Qc7 Kg7 28. Qxc8 e5 29. c5 a5 30. c6 e4 31. Qe8 Qd4 32. c7 1-0


[Site "https://www.chess.com"]